 Dungeon Crawl Stone Soup version 0.22-a0-776-ge6d7efa (webtiles) character file.

9 Amnesiac the Magician (level 2, -48/20 HPs)
             Began as a Mummy Earth Elementalist on July 18, 2018.
             Killed from afar by a hobgoblin (54 damage)
             ... with an exploding inner flame
             ... hexed by the player character
             ... on level 2 of the Dungeon.
             The game lasted 00:00:23 (73 turns).

Amnesiac the Magician (Mummy Earth Elementalist)      Turns: 73, Time: 00:00:23

Health: -48/20     AC:  2    Str: 11    XL:     2   Next: 3%
Magic:  0/5        EV: 12    Int: 14    God:
Gold:   0          SH:  0    Dex: 12    Spells: 5/6 levels left

rFire    x . .     SeeInvis .   (no weapon)
rCold    + . .     Gourm    .   (no shield)
rNeg     + + +     Faith    .   c - +0 robe
rPois    ∞         Spirit   .   (no helmet)
rElec    .         Reflect  .   (no cloak)
rCorr    .         Harm     .   (no gloves)
MR       .....                  (no boots)
Stlth    ++........             (no amulet)
HPRegen  0.06/turn              (no ring)
MPRegen  0.09/turn              (no ring)

@: no status effects
A: no food or potions, fire vulnerability, cold resistance 1, negative energy
resistance 3, torment resistance, unbreathing
a: no special abilities


You were on level 2 of the Dungeon.
You were not hungry.

You visited 1 branch of the dungeon, and saw 2 of its levels.

Inventory:

Missiles
 b - 24 stones (quivered)
Armour
 c - a +0 robe (worn)


   Skills:
 + Level 0.8 Fighting
 * Level 2.0 Dodging
 - Level 1.5 Stealth
 - Level 2.6 Spellcasting
   Level 0.7 Transmutations
 - Level 2.4 Earth Magic


You had 5 spell levels left.
You knew the following spells:

 Your Spells              Type           Power        Failure   Level  Hunger
a - Sandblast             Erth           #.....       9%          1    N/A

Your spell library contained the following spells:

 Spells                   Type           Power        Failure   Level  Hunger
 Stone Arrow              Conj/Erth      #.....       38%         3    N/A
 Passwall                 Tmut/Erth      #.......     19%         2    N/A
 Lee's Rapid Deconstruct  Erth           #.........   92%         5    N/A
 Petrify                  Tmut/Erth      #.......     75%         4    N/A

Dungeon Overview and Level Annotations

Branches:
Dungeon (2/15)

Altars:

Annotations:
D:2 Jessica, Natasha


Innate Abilities, Weirdness & Mutations

You do not eat or drink.
Your flesh is vulnerable to fire.
You are immune to poison.
Your flesh is cold resistant. (rC+)
You are immune to negative energy. (rN+++)
You are immune to unholy pain and torment.
You can survive without breathing.


Message History

b - 26 stones
There is a stone staircase leading up here.
Jessica the Apprentice Sorceress comes into view.
She is wielding a dagger.
Jessica shouts!
Jessica drinks a potion.
Jessica suddenly seems more agile.
Casting: Sandblast (safe; 9% risk of failure)
Confirm with . or Enter, or press ? or * to list all spells.
Aiming: Sandblast (safe; 9% risk of failure)
Press: ? - help, Shift-Dir - straight line, f - hobgoblin
Aim: a hobgoblin, wielding a club (moderately wounded)
The blast of sand misses the hobgoblin.
The blast of sand hits Jessica.
Jessica is lightly wounded.
b - 25 stones The hobgoblin barely misses you.
Unknown command.
Natasha, Servant of Life and Death comes into view.
Natasha hisses angrily.
Natasha claws you. Natasha claws you.
Found a glowing jade ring.
Found a fizzy grey potion.
Natasha mumbles some strange words.
Really read
a - a scroll labeled UTUADE BODALI {!r}?
As you read the scroll labeled UTUADE BODALI {!r}, it crumbles to dust.
The creatures around you are filled with an inner flame!
It was a scroll of immolation {!r}.
The hobgoblin hits you with a club.
* * * LOW HITPOINT WARNING * * *
Casting: Sandblast (safe; 9% risk of failure)
Confirm with . or Enter, or press ? or * to list all spells.
Aiming: Sandblast (safe; 9% risk of failure)
Press: ? - help, Shift-Dir - straight line, f/p - hobgoblin
Aim: a hobgoblin, wielding a club (moderately wounded, inner flame)
The blast of sand hits the hobgoblin.
The hobgoblin is almost dead.
b - 24 stones The hobgoblin barely misses you.
You barely miss the hobgoblin.
The hobgoblin is almost dead.
Natasha mumbles some strange words.
The hobgoblin hits you with a club.
* * * LOW HITPOINT WARNING * * *
You barely miss the hobgoblin.
The hobgoblin is almost dead.
Natasha drinks a potion.
Natasha seems to speed up.
The hobgoblin hits you with a club.
* * * LOW HITPOINT WARNING * * *
Unknown command.
You closely miss the hobgoblin.
The hobgoblin is almost dead.
Natasha howls an incantation.
Natasha shimmers violently.
Natasha mumbles some strange words.
You feel disoriented.
Unknown command.
Casting: Sandblast (safe; 9% risk of failure)
Confirm with . or Enter, or press ? or * to list all spells.
Aiming: Sandblast (safe; 9% risk of failure)
Press: ? - help, Shift-Dir - straight line, f/p - hobgoblin
Aim: a hobgoblin, wielding a club (almost dead, inner flame)
The blast of sand hits the hobgoblin.
The hobgoblin explodes!
The fiery explosion engulfs you! The fire burns you terribly!
Ouch! That really hurt!
You die...

### #@# #§####.## .#
#@h......
####.########55###!## #
.................# ..
..............#.#.#
##.##...#######.......#
........ ##.#..####
...g...# #..#..#


You could see Natasha (inner flame), a crimson imp, a white imp and Jessica
(inner flame).

Vanquished Creatures
  An adder (D:2)
1 creature vanquished.

Notes
Turn   | Place    | Note
-------+----------+-------------------------------------------
     0 | D:1      | Amnesiac the Mummy Earth Elementalist began the quest for the Orb.
     0 | D:1      | Reached XP level 1. HP: 13/13 MP: 4/4
    45 | D:2      | Reached XP level 2. HP: 16/20 MP: 0/5
    52 | D:2      | Noticed Jessica
    61 | D:2      | Noticed Natasha
    71 | D:2      | Noticed a crimson imp
    73 | D:2      | Killed from afar by a hobgoblin

Vault maps used:
D:1:      dpeg_arrival_brainrot
D:2:      uniq_natasha, uniq_jessica, uniq_crazy_yiuf_cottage

Skill      XL: |  1 |
---------------+----+-----
Dodging        | 2 |  2.0
Fighting       | |  0.8
Stealth        | |  1.5
Spellcasting   | |  2.6
Transmutations | |  0.7
Earth Magic    | |  2.4

Action                   || total
-------------------------++-------
Melee: Unarmed           ||     3
 Cast: Sandblast         ||     6
  Use: Scroll            ||     1
Dodge: Dodged            ||     3

Table legend:
 A = Spawn XP
 B = Non-spawn XP
 C = Spawn XP percentage of total XP
 D = Spawn monster count
 E = Non-spawn monster count
 F = Spawn count percentage of total count
 G = Total turns spent on level
                    A         B        C        D         E        F      G
               +---------+---------+-------+---------+---------+-------+---------
         Total |       0 |      13 |   0.0 |       0 |       1 |   0.0 |    73
               +---------+---------+-------+---------+---------+-------+---------
           D:2 |       0 |      13 |   0.0 |       0 |       1 |   0.0 |    40
               +---------+---------+-------+---------+---------+-------+---------
